 Dungeon Crawl Stone Soup version 0.23-a0-338-g8ff0b24 (webtiles) character file.

139656 rabbit the Severer (level 17, -7/113 HPs)
             Began as a Gargoyle Fighter on Oct 18, 2018.
             Was the Champion of Okawaru.
             Shot with an arrow by Vashnia (13 damage)
             ... on level 3 of the Snake Pit.
             The game lasted 01:59:05 (30449 turns).

rabbit the Severer (Gargoyle Fighter)              Turns: 30449, Time: 01:59:06

Health: -7/113     AC: 41    Str: 38    XL:     17   Next: 29%
Magic:  17/17      EV: 14    Int: 20    God:    Okawaru [******]
Gold:   2631       SH:  0    Dex:  8    Spells: 16/16 levels left

rFire    + + +     SeeInvis .   a - +5 broad axe (chop)
rCold    . . .     Gourm    .   (no shield)
rNeg     + . .     Faith    .   Z - +8 scale mail of Good Intentions {rElec MR+ rCorr}
rPois    ∞         Spirit   .   K - +1 helmet of the Demon Prince {rF+++ rCorr Int+2 Dex-3}
rElec    +         Reflect  .   j - +1 cloak
rCorr    +         Harm     .   y - +0 pair of gloves
MR       ++...                  h - +2 pair of boots of the Four Hells {Str+2 Int+5}
Stlth    +.........             V - amulet "Raengan" {rF+ Regen+ Str+2 Int+2}
HPRegen  0.68/turn              N - ring of stealth
MPRegen  0.15/turn              n - ring of Cackem {rElec rPois EV+4 Str+4 Dex+2}

@: mighty, studying Translocations, invisible
A: big wings, negative energy resistance 1, electricity resistance, unbreathing,
petrification resistance, rot immunity, AC +12
a: Fly, Heroism, Finesse, Renounce Religion


You were on level 3 of the Snake Pit.
You worshipped Okawaru.
Okawaru was exalted by your worship.
You were not hungry.

You visited 5 branches of the dungeon, and saw 27 of its levels.
You visited 1 bazaar.
You also visited: Labyrinth, Trove and Ice Cave.

You collected 3865 gold pieces.
You spent 1234 gold pieces at shops.

Inventory:

Hand Weapons
 a - a +5 broad axe of chopping (weapon)
 e - the +1 war axe "Wotepniff" {antimagic, rF+ MR+}
   (Okawaru gifted it to you on level 1 of the Snake Pit)

   It reduces the magical energy of the wielder, and disrupts the spells and
   magical abilities of those hit.
   Natural abilities and divine invocations are not affected.
   It protects you from fire.
   It affects your resistance to hostile enchantments.
 o - the +8 trident of the Octopus King {venom, rElec rPois MR+}
   (You found it in an ice cave)

   It poisons the flesh of those it strikes.
   It insulates you from electricity.
   It protects you from poison.
   It affects your resistance to hostile enchantments.
 F - the +8 frozen axe "Frostbite" {freezing cloud, *Noise +Fly rC+}
   (You found it in an ice cave)

   It has been specially enchanted to freeze those struck by it, causing extra
   injury to most foes and up to half again as much damage against particularly
   susceptible opponents.
   It can also slow down cold-blooded creatures.
   It protects you from cold.
   It lets you fly.
   It may make noises in combat.
 P - a +1 great sword of flaming
 X - the +0 war axe "Ymeps" {elec, rC+ MR+ Str-4 Dex+6}
   (You found it in a treasure trove)

   Occasionally, upon striking a foe, it will discharge some electrical energy
   and cause terrible harm.
   It affects your strength (-4).
   It affects your dexterity (+6).
   It protects you from cold.
   It affects your resistance to hostile enchantments.
 Y - the +5 hand axe of Cataclysm {freeze, rC+}
   (You found it on level 5 of the Lair of Beasts)

   It has been specially enchanted to freeze those struck by it, causing extra
   injury to most foes and up to half again as much damage against particularly
   susceptible opponents.
   It can also slow down cold-blooded creatures.
   It protects you from cold.
Missiles
 k - 6 javelins of returning
 s - 7 javelins of penetration
 B - 131 sling bullets
 R - 23 javelins (quivered)
Armour
 c - a +1 shield
 h - the +2 pair of boots of the Four Hells (worn) {Str+2 Int+5}
   (You found it on level 1 of the Lair of Beasts)

   It affects your strength (+2).
   It affects your intelligence (+5).
 j - a +1 cloak (worn)
 v - the +1 plate armour of Tempters {+Inv rPois rC- Int-2}
   (You found it in an ice cave)

   It affects your intelligence (-2).
   It makes you vulnerable to cold.
   It protects you from poison.
   It lets you turn invisible.
 w - the +1 scale mail of Beclasm {rN++ Stlth+}
   (You found it in an ice cave)

   It greatly protects you from negative energy.
   It makes you more stealthy.
 y - a +0 pair of gloves (worn)
 A - a +2 plate armour of fire resistance
 C - a +1 large shield of reflection
 K - the +1 helmet of the Demon Prince (worn) {rF+++ rCorr Int+2 Dex-3}
   (You bought it in a shop on level 7 of the Dungeon)

   It affects your intelligence (+2).
   It affects your dexterity (-3).
   It renders you almost immune to fire.
   It provides partial protection from all sources of acid and corrosion.
 Z - the +8 scale mail of Good Intentions (worn) {rElec MR+ rCorr}
   (You found it on level 5 of the Lair of Beasts)

   It insulates you from electricity.
   It affects your resistance to hostile enchantments.
   It provides partial protection from all sources of acid and corrosion.
Jewellery
 l - an uncursed amulet of guardian spirit
 n - the ring of Cackem (right hand) {rElec rPois EV+4 Str+4 Dex+2}
   (You took it off a minotaur in a labyrinth)

   [ring of evasion]

   It affects your evasion (+4).
   It affects your strength (+4).
   It affects your dexterity (+2).
   It insulates you from electricity.
   It protects you from poison.
 N - a ring of stealth (left hand)
 V - the amulet "Raengan" (around neck) {rF+ Regen+ Str+2 Int+2}
   (You found it in a treasure trove)

   [amulet of regeneration]

   It affects your strength (+2).
   It affects your intelligence (+2).
   It protects you from fire.
   It increases your rate of regeneration.
Wands
 x - a wand of paralysis (56)
 G - a wand of digging (35)
 H - a wand of flame (55)
 I - a wand of enslavement (38)
 O - a wand of disintegration (15)
 S - a wand of iceblast (11)
Scrolls
 i - 3 scrolls of blinking
 m - 6 scrolls of magic mapping
 p - 7 scrolls of remove curse
 q - 9 scrolls of fog
 r - a scroll of summoning
 D - 3 scrolls of amnesia
 E - 4 scrolls of enchant armour
 J - 4 scrolls of identify
 L - 4 scrolls of fear
Potions
 b - 3 potions of brilliance {unknown}
 d - a potion of might
 g - 4 potions of resistance
 t - 11 potions of curing
 u - 6 potions of heal wounds
 z - 2 potions of haste
 M - 5 potions of agility
 Q - 2 potions of invisibility
 U - a potion of lignification {unknown}
 W - a potion of magic
Books
 T - a manual of Translocations
Comestibles
 f - 56 rations


   Skills:
 + Level 15.0 Fighting
 * Level 17.1 Axes
 + Level 15.0 Armour
 + Level 14.8 Shields


You had 16 spell levels left.
You didn't know any spells.
Your spell library contained the following spells:

 Spells                   Type           Power        Failure   Level  Hunger
 Beastly Appendage        Tmut           #.....       28%         1    ##.....
 Sandblast                Erth           #.....       28%         1    ##.....
 Corpse Rot               Necr           N/A          41%         2    ###....
 Passwall                 Tmut/Erth      #.......     41%         2    ###....
 Sticks to Snakes         Tmut           #.......     41%         2    ###....
 Throw Frost              Conj/Ice       #.....       41%         2    ###....
 Conjure Flame            Conj/Fire      #.......     65%         3    ####...
 Inner Flame              Hex/Fire       #.......     65%         3    ####...
 Recall                   Summ/Tloc      N/A          65%         3    ####...
 Spider Form              Tmut/Pois      #.........   65%         3    ####...
 Stone Arrow              Conj/Erth      #.....       65%         3    ####...
 Ice Form                 Ice/Tmut       #.......     96%         4    #####..
 Leda's Liquefaction      Hex/Erth       #.........   96%         4    #####..
 Petrify                  Tmut/Erth      #.......     96%         4    #####..
 Summon Lightning Spire   Summ/Air       #.......     96%         4    #####..
 Aura of Abjuration       Summ           #.........   100%        5    ######.
 Blade Hands              Tmut           #.........   100%        5    ######.
 Bolt of Magma            Conj/Fire/Erth #.........   100%        5    ######.
 Irradiate                Conj/Tmut      #.........   100%        5    ######.
 Lee's Rapid Deconstruct  Erth           #.........   100%        5    ######.
 Silence                  Hex/Air        #.........   100%        5    ######.
 Summon Demon             Summ           #.........   100%        5    ######.
 Summon Forest            Summ/Tloc      #.........   100%        5    ######.
 Summon Mana Viper        Hex/Summ       #.......     100%        5    ######.
 Conjure Ball Lightning   Conj/Air       #.........   100%        6    #######
 Deflect Missiles         Chrm/Air       #.........   100%        6    #######
 Hydra Form               Tmut           #.........   100%        6    #######
 Shadow Creatures         Summ           N/A          100%        6    #######
 Dragon Form              Tmut           #.........   100%        7    #######
 Ring of Flames           Chrm/Fire      #.........   100%        7    #######
 Summon Hydra             Summ           #.........   100%        7    #######
 Tornado                  Air            #.........   100%        9    #######
 Statue Form              Tmut/Erth      Unusable     N/A         6    N/A

Dungeon Overview and Level Annotations

Branches:
Dungeon (15/15)            Temple (1/1) D:5            Lair (6/6) D:11
 Shoals (0/4) Lair:4        Snake (3/4) Lair:3        Slime (0/5) Lair:6
    Orc (2/2) D:11            Elf (0/3) Orc:2        Vaults (0/5) D:14
 Depths (0/5) D:15

Altars:
Ashenzari
Cheibriados
Dithmenos
Elyvilon
Fedhas
Hepliaklqana
Makhleb
Nemelex Xobeh
Okawaru
Qazlal
Ru
Sif Muna
Uskayaw
Vehumet
Wu Jian
Xom
Yredelemnul
Zin
The Shining One
Jiyva

Shops:
D:6 [   D:7 [   D:14 *   Orc:2 =*([

Portals:
Hell: Lair:6

Annotations:
D:5 exclusion: statue
D:14 exclusion: Roxanne, Roxanne
Snake:2 exclusion: oklob plant
Snake:3 Vashnia


Innate Abilities, Weirdness & Mutations

You are resistant to torment.
Your stone body is resilient. (AC +12)
You are immune to poison.
Your large and strong wings let you fly indefinitely.
You resist negative energy. (rN+)
You are resistant to electric shocks. (rElec)
You can survive without breathing.
You are immune to petrification.
You are immune to rotting.


Message History

Unknown command.
Okay, then.
You feel very mighty all of a sudden.
Vashnia shoots an arrow.
The arrow hits you but does no damage.
The naga sharpshooter shoots a bolt.
The bolt hits you!!
* * * LOW HITPOINT WARNING * * *
The naga sharpshooter casts a spell.
The naga sharpshooter magically shoots a bolt.
The bolt hits you but does no damage.
The naga sharpshooter shoots an arrow.
The arrow hits you.
* * * LOW HITPOINT WARNING * * *
The naga sharpshooter mumbles some strange words.
The naga sharpshooter magically shoots an arrow.
The arrow hits you but does no damage.
You fade into invisibility!
The naga sharpshooter mumbles some strange words.
The naga sharpshooter magically shoots an arrow.
The arrow hits you but does no damage.
Vashnia shoots an arrow.
The arrow hits you!
You die...

......#.# ##..# ..
.....#.)###)..##
... #....†..(().#
..(.
###..###..((##....
#.## #..(....... #.
##.(....(.. #.##
#.(.......
....###.(.....#.
##.##...#.@N#..##
#.. #.NNN###..#
##.. ##.N## #...
.##....######.###
#..
..........##N...#..
.. #....
#............# ###.
#...###....#...####
.....
#...#...####.##
...... ##......##
#.# ..# ..


You could see Vashnia and 5 naga sharpshooters.

Vanquished Creatures
  An Ice Fiend (IceCv)
  The ghost of Lufyqa Hiru the Impaler, an adept MfIE of Makhleb (Snake:1)
  A fire giant (D:15)
  2 nagarajas
  2 orc warlords (Orc:2)
  Louise (D:14)
  A minotaur (Lab)
  Erolcha (D:10)
  4 hydras
  3 naga warriors
  Harold (D:10)
  8 anacondas
  3 centaur warriors (D:14)
  4 two-headed ogres
  8 death yaks
  2 tengu warriors
  An orc high priest (Orc:2)
  7 shock serpents
  The ghost of Ratty the Fighter, a novice GnWn of Ashenzari (D:7)
  5 naga sharpshooters
  A sixfirhy (Lair:6)
  A salamander mystic (Snake:3)
  2 wizards
  3 unseen horrors
  6 sea snakes (Snake:2)
  3 naga ritualists
  5 orc knights (Orc:2)
  2 orc sorcerers
  7 mana vipers
  16 ugly things
  A cyclops (D:14)
  5 manticores
  4 salamanders (Snake:2)
  8 elephants
  3 ice statues (IceCv)
  21 black mambas
  Maurice (Orc:1)
  2 centaur zombies
  12 naga magi
  2 orange demons (Lair:6)
  A smoke demon (Lair:6)
  14 spiny frogs
  A gargoyle (D:10)
  6 rime drakes
  4 komodo dragons
  A freezing wraith (D:14)
  The ghost of Ijustatesigmund the Magician, a novice OpWz (D:6)
  12 ice devils
  A meliai (shapeshifter) (D:15)
  A golden dragon simulacrum (IceCv)
  A red devil (Lair:6)
  8 trolls
  2 tengu conjurers
  4 slime creatures (D:13)
  21 blink frogs
  6 polar bears
  11 dream sheep
  A meliai zombie (D:12)
  8 hippogriffs
  A harpy skeleton (D:15)
  A centaur simulacrum (D:14)
  2 dire elephant simulacra (IceCv)
  2 wraiths
  3 shadows
  4 wyverns
  Eustachio (D:6)
  2 basilisks
  61 yaks
  4 hungry ghosts
  3 vampire mosquitoes (D:14)
  A warg (Orc:2)
  2 harpy simulacra (IceCv)
  2 acid dragons
  3 iron troll simulacra (IceCv)
  A soldier ant (D:14)
  20 water moccasins
  23 nagas
  4 hell hounds (Lair:6)
  10 porcupines
  3 eyes of draining
  5 sky beasts
  4 ice beasts
  4 black bears
  34 orc warriors
  2 ettin simulacra (IceCv)
  9 ogres
  A hornet zombie (D:15)
  A meliai simulacrum (D:14)
  4 phantoms
  2 necrophages
  22 crocodiles
  12 centaurs
  16 wolves
  26 bullfrogs
  3 scorpions
  11 killer bees
  A water moccasin skeleton (D:10)
  4 electric eels (Snake:2)
  20 wights
  3 howler monkeys
  6 crimson imps
  2 quasits
  A bullfrog zombie (D:5)
  5 hounds
  7 jellies
  24 orc wizards
  20 orc priests
  4 centaur skeletons
  5 iguanas
  Natasha (D:3)
  6 worker ants
  A hound skeleton (D:10)
  Robin (D:3)
  2 howler monkey skeletons
  21 adders
  4 shadow imps
  An ooze (D:2)
  2 adder zombies
  2 adder skeletons (D:9)
  2 worms
  2 dart slugs
  8 leopard geckos
  82 orcs
  9 giant cockroaches
  13 goblins
  9 hobgoblins
  7 jackals
  7 kobolds
  2 quokkas
  3 ball pythons
  8 bats
  3 frilled lizards
  A goblin skeleton (D:3)
  A kobold skeleton (D:3)
  2 leopard gecko skeletons (D:6)
  4 quokka skeletons
  6 rats
  4 bushes (Lair:2)
  6 fungi
  11 plants
908 creatures vanquished.

Vanquished Creatures (others)
  12 fungi
  14 plants
26 creatures vanquished.

Grand Total: 934 creatures vanquished

Notes
Turn   | Place    | Note
-------+----------+-------------------------------------------
     0 | D:1      | rabbit the Gargoyle Fighter began the quest for the Orb.
     0 | D:1      | Reached XP level 1. HP: 14/14 MP: 1/1
   361 | D:1      | Reached XP level 2. HP: 19/19 MP: 2/2
   597 | D:1      | Reached skill level 2 in Axes
   761 | D:2      | Reached XP level 3. HP: 22/23 MP: 3/3
  1104 | D:2      | Reached XP level 4. HP: 29/29 MP: 4/4
  1635 | D:3      | Found a runed door.
  1635 | D:3      | Noticed a human
  1740 | D:3      | Found a basalt altar of Yredelemnul.
  2213 | D:3      | Reached XP level 5. HP: 33/33 MP: 5/5
  2311 | D:3      | Noticed Robin
  2327 | D:3      | Killed Robin
  2327 | D:3      | Reached skill level 3 in Axes
  2619 | D:3      | Noticed Natasha
  2628 | D:3      | Killed Natasha
  2936 | D:4      | Reached XP level 6. HP: 34/38 MP: 6/6
  2983 | D:4      | Found a stormy altar of Qazlal.
  2983 | D:4      | Noticed a phantom
  3031 | D:4      | Killed a phantom
  3777 | D:5      | Entered Level 5 of the Dungeon
  3786 | D:5      | Found a staircase to the Ecumenical Temple.
  3801 | Temple   | Entered the Ecumenical Temple
  3903 | Temple   | Became a worshipper of Warmaster Okawaru
  3934 | D:5      | Reached skill level 4 in Axes
  3960 | D:5      | Reached skill level 5 in Shields
  3982 | D:5      | Noticed a sky beast
  4023 | D:5      | Killed a sky beast
  4023 | D:5      | Reached XP level 7. HP: 21/44 MP: 7/7
  4443 | D:5      | Found a hide-covered altar of Uskayaw.
  4443 | D:5      | Noticed a dagger
  4452 | D:5      | Noticed a dagger
  4634 | D:5      | Reached skill level 5 in Fighting
  4634 | D:5      | Reached skill level 5 in Armour
  4761 | D:5      | Reached skill level 5 in Axes
  4867 | D:5      | Found a radiant altar of Vehumet.
  4909 | D:5      | Found an iron altar of Okawaru.
  4992 | D:6      | Found Penlaq's Armour Emporium.
  5030 | D:6      | Reached * piety under Okawaru
  5030 | D:6      | Reached XP level 8. HP: 36/50 MP: 8/8
  5132 | D:6      | Found an ornate altar of the Wu Jian Council.
  5350 | D:6      | Found a runed door.
  5355 | D:6      | Noticed Ijustatesigmund's ghost (novice OpWz)
  5398 | D:6      | Killed Ijustatesigmund's ghost
  5398 | D:6      | Reached skill level 6 in Axes
  5521 | D:6      | Noticed Eustachio
  5551 | D:6      | Killed Eustachio
  5551 | D:6      | Reached ** piety under Okawaru
  5611 | D:6      | Reached XP level 9. HP: 38/55 MP: 9/9
  6353 | D:7      | Reached skill level 7 in Axes
  6850 | D:7      | Found Piffel's Antique Armour Emporium.
  6865 | D:7      | Bought a twisted helmet for 304 gold pieces
  6875 | D:7      | Identified the +1 helmet of the Demon Prince {rF+++ rCorr
                  | Int+2 Dex-3} (You bought it in a shop on level 7 of the
                  | Dungeon)
  7314 | D:7      | Found a runed door.
  7314 | D:7      | Noticed Ratty's ghost (novice GnWn)
  7353 | D:7      | Killed Ratty's ghost
  7353 | D:7      | Reached *** piety under Okawaru
  7353 | D:7      | Reached skill level 8 in Axes
  7450 | D:7      | Reached XP level 10. HP: 63/63 MP: 10/10
  7579 | D:7      | Reached **** piety under Okawaru
  8895 | D:8      | Reached ***** piety under Okawaru
  9232 | D:9      | Reached skill level 9 in Axes
  9664 | D:9      | Found a shadowy altar of Dithmenos.
  9760 | D:9      | Found a shimmering altar of Xom.
 10071 | D:10     | Entered Level 10 of the Dungeon
 10225 | D:10     | Noticed Erolcha
 10240 | D:10     | Killed Erolcha
 10240 | D:10     | Reached XP level 11. HP: 66/69 MP: 11/11
 10384 | D:10     | Received a gift from Okawaru
 10410 | D:10     | Received a gift from Okawaru
 10410 | D:10     | Reached skill level 10 in Axes
 10410 | D:10     | Paralysed by a centaur for 5 turns
 10420 | D:10     | Paralysed by a centaur for 5 turns
 11281 | D:10     | Noticed Harold
 11307 | D:10     | Killed Harold
 11967 | D:11     | Noticed a two-headed ogre
 11978 | D:11     | Killed a two-headed ogre
 11978 | D:11     | Reached ****** piety under Okawaru
 12040 | D:11     | Found a flickering gateway to a bazaar.
 12047 | Bazaar   | Entered a bazaar
 12060 | Bazaar   | Found Qots's Armour Emporium.
 12060 | Bazaar   | Found Coanufro's Jewellery Emporium.
 12096 | Bazaar   | Found Yvyo's Book Shoppe.
 12096 | Bazaar   | Found Qifissi's Jewellery Shoppe.
 12143 | D:11     | Noticed a two-headed ogre
 12158 | D:11     | Killed a two-headed ogre
 12413 | D:11     | Reached skill level 10 in Shields
 12415 | D:11     | Received a gift from Okawaru
 12415 | D:11     | Reached skill level 11 in Axes
 12420 | D:11     | Reached XP level 12. HP: 29/77 MP: 2/12
 12479 | D:11     | Reached skill level 10 in Fighting
 12479 | D:11     | Reached skill level 10 in Armour
 13638 | D:11     | Found a staircase to the Orcish Mines.
 14044 | D:11     | Found a staircase to the Lair.
 15134 | D:12     | Found a portal to a secret trove of treasure.
 15148 | Trove    | Entered a treasure trove
 15168 | Trove    | Got a crude platinum amulet
 15175 | Trove    | Got a bound copper amulet
 15194 | Trove    | Got a smoking war axe
 15205 | Trove    | Identified the +0 war axe "Ymeps" {elec, rC+ MR+ Str-4
                  | Dex+6} (You found it in a treasure trove)
 15211 | Trove    | Identified the amulet "Dovvouc" {Inacc rN++ Dex-4 Stlth+}
                  | (You found it in a treasure trove)
 15213 | Trove    | Identified the amulet "Raengan" {rF+ Regen+ Str+2 Int+2}
                  | (You found it in a treasure trove)
 15397 | D:12     | Reached skill level 12 in Axes
 15847 | D:13     | Noticed a tengu warrior
 15866 | D:13     | Killed a tengu warrior
 16041 | D:13     | Found a labyrinth entrance.
 16098 | Lab      | Entered a labyrinth
 16274 | Lab      | Identified the ring of Cackem {rElec rPois EV+4 Str+4
                  | Dex+2}
 16274 | Lab      | Noticed a minotaur
 16288 | Lab      | Killed a minotaur
 16300 | Lab      | Identified Sif Muna's Papyrus of the Torrid Snowflakes
 16306 | Lab      | Got an ichor-stained whip
 16307 | Lab      | Identified the +10 whip of Doom {pain, +Blink Str+3} (You
                  | found it in a labyrinth)
 16409 | D:13     | Noticed a two-headed ogre
 16414 | D:13     | Killed a two-headed ogre
 16414 | D:13     | Reached XP level 13. HP: 84/84 MP: 13/13
 17111 | D:14     | Found a sparkling altar of Nemelex Xobeh.
 17339 | D:14     | Found a gate to the Vaults.
 17356 | D:14     | Noticed Louise
 17392 | D:14     | Killed Louise
 17400 | D:14     | Identified Roxanne's Catalogue of Changing
 17400 | D:14     | Noticed Roxanne
 17640 | D:14     | Reached skill level 13 in Axes
 17851 | D:14     | Found Nyptaxul's General Store.
 17879 | D:15     | Entered Level 15 of the Dungeon
 18095 | D:15     | Found a staircase to the Depths.
 18096 | D:15     | Noticed a fire giant
 18116 | D:15     | Killed a fire giant
 18407 | D:15     | Gained mutation: Your large and strong wings let you fly
                  | indefinitely. [Gargoyle growth]
 18407 | D:15     | Reached XP level 14. HP: 70/92 MP: 14/14
 19048 | Lair:1   | Entered Level 1 of the Lair of Beasts
 19102 | Lair:1   | Received a gift from Okawaru
 19320 | Lair:1   | Reached skill level 14 in Axes
 19478 | Lair:1   | Got a pair of blackened boots
 19489 | Lair:1   | Identified the +2 pair of boots of the Four Hells {Str+2
                  | Int+5} (You found it on level 1 of the Lair of Beasts)
 20059 | Lair:2   | You fall through a shaft for 2 floors!
 20327 | Lair:4   | Found a staircase to the Shoals.
 20534 | Lair:3   | Received a gift from Okawaru
 20665 | Lair:2   | Reached XP level 15. HP: 98/98 MP: 15/15
 21464 | Lair:3   | Found a staircase to the Snake Pit.
 22647 | Lair:5   | Reached skill level 15 in Axes
 22883 | Lair:5   | Got a translucent hand axe
 22884 | Lair:5   | Identified the +5 hand axe of Cataclysm {freeze, rC+} (You
                  | found it on level 5 of the Lair of Beasts)
 22905 | Lair:5   | Got a slimy scale mail
 22916 | Lair:5   | Identified the +8 scale mail of Good Intentions {rElec MR+
                  | rCorr} (You found it on level 5 of the Lair of Beasts)
 23344 | Lair:6   | Entered Level 6 of the Lair of Beasts
 23530 | Lair:6   | Found a staircase to the Slime Pits.
 23531 | Lair:6   | Found a viscous altar of Jiyva.
 23718 | Lair:6   | Received a gift from Okawaru
 24276 | Lair:6   | Found a burning altar of Makhleb.
 24351 | Lair:6   | Found a gateway to Hell.
 24359 | Lair:6   | Found the +2 pair of boots of the Assassin {Detection Stab+
                  | Stlth++}
 24671 | Orc:1    | Entered Level 1 of the Orcish Mines
 24671 | Orc:1    | Noticed Maurice
 24676 | Orc:1    | Killed Maurice
 24961 | Orc:2    | Entered Level 2 of the Orcish Mines
 25007 | Orc:2    | Found Leshroast's Jewellery Boutique.
 25017 | Orc:2    | Received a gift from Okawaru
 25231 | Orc:2    | Found a staircase to the Elven Halls.
 25233 | Orc:2    | Noticed an orc warlord
 25267 | Orc:2    | Killed an orc warlord
 25428 | Orc:2    | Found Xoac's Antique Weapon Shop.
 25428 | Orc:2    | Noticed an orc warlord
 25435 | Orc:2    | Reached XP level 16. HP: 100/105 MP: 16/16
 25450 | Orc:2    | HP: 3/105 [orc high priest/+1 halberd of freezing (4)]
 25450 | Orc:2    | HP: 1/105 [orc high priest/+1 halberd of freezing (2)]
 26244 | Orc:2    | Found Woikliuk's Antique Armour Emporium.
 26292 | Orc:2    | Found Doudwoe's General Store.
 26348 | Orc:2    | Bought a spiked chain mail for 313 gold pieces
 26348 | Orc:2    | Bought a distressingly furry chain mail for 313 gold pieces
 26358 | Orc:2    | Identified the +1 chain mail of Tougucra {Slay+4} (You
                  | bought it in a shop on level 2 of the Orcish Mines)
 26368 | Orc:2    | Identified the +8 chain mail "Woasy" {rF+ rCorr Str+3
                  | Int-3} (You bought it in a shop on level 2 of the Orcish
                  | Mines)
 26593 | D:7      | Bought a smelly chain mail for 304 gold pieces
 26603 | D:7      | Identified the cursed +0 chain mail of Syndicalism {rElec
                  | rPois MR- MP+9} (You bought it in a shop on level 7 of the
                  | Dungeon)
 26839 | Snake:1  | Entered Level 1 of the Snake Pit
 26887 | Snake:1  | Reached skill level 16 in Axes
 27056 | Snake:1  | Received a gift from Okawaru
 27059 | Snake:1  | Got an encrusted war axe {god gift}
 27070 | Snake:1  | Identified the +1 war axe "Wotepniff" {antimagic, rF+ MR+}
                  | (Okawaru gifted it to you on level 1 of the Snake Pit)
 27332 | Snake:1  | Found a runed door.
 27335 | Snake:1  | Noticed Lufyqa Hiru's ghost (adept MfIE)
 27642 | Snake:1  | Killed Lufyqa Hiru's ghost
 28247 | Snake:2  | Found a frozen archway.
 28257 | IceCv    | Entered an ice cave
 28832 | IceCv    | Received a gift from Okawaru
 29012 | IceCv    | Noticed an Ice Fiend
 29037 | IceCv    | Killed an Ice Fiend
 29177 | IceCv    | Found the +8 frozen axe "Frostbite" {freezing cloud, *Noise
                  | +Fly rC+}
 29178 | IceCv    | Found the +8 trident of the Octopus King {venom, rElec
                  | rPois MR+}
 29183 | IceCv    | Got a smoking plate armour
 29185 | IceCv    | Got a steaming scale mail
 29205 | IceCv    | Identified the +1 plate armour of Tempters {+Inv rPois rC-
                  | Int-2} (You found it in an ice cave)
 29215 | IceCv    | Identified the +1 scale mail of Beclasm {rN++ Stlth+} (You
                  | found it in an ice cave)
 29492 | Snake:2  | Found a basalt altar of Yredelemnul.
 29624 | Snake:2  | Noticed a nagaraja
 29638 | Snake:2  | Killed a nagaraja
 29638 | Snake:2  | Received a gift from Okawaru
 29733 | Snake:2  | Reached XP level 17. HP: 92/112 MP: 17/17
 29741 | Snake:2  | Received a gift from Okawaru
 30173 | Snake:3  | Reached skill level 17 in Axes
 30294 | Snake:3  | Reached skill level 15 in Fighting
 30294 | Snake:3  | Reached skill level 15 in Armour
 30389 | Snake:3  | Received a gift from Okawaru
 30438 | Snake:3  | Noticed Vashnia
 30448 | Snake:3  | HP: 5/113 [naga sharpshooter/arrow[Vashnia] (4)]
 30449 | Snake:3  | Shot with an arrow by Vashnia

Vault maps used:
D:1:      roderic_octagonal_star
D:3:      gup_sewer_entry_bowl, dk_yredelemnul_ordeal, uniq_natasha, uniq_robin
D:4:      nicolae_qazlal_eye_of_the_storm
D:5:      vehumet_statue, dancing_weapons_uskayaw, minmay_temple_entry_mist,
          basic_altar, first_ration
D:6:      black_bear_nest_2, lemuel_round_altar, serial_shops, shop,
          ebering_ghost_sewer_d, uniq_eustachio
D:7:      gammafunk_ghost_grave, serial_shops, kennysheep_little_box,
          grunt_ogre_cave
D:9:      lemuel_doored_altar, grunt_dithmenos_shadows
D:10:     kennysheep_generic_room_5, uniq_erolcha, uniq_harold
D:11:     grunt_lair_entry_orc_guard_hut, serial_shops, bzr_entry_road
D:12:     enter_trove_1
D:13:     lab_entry_generic
D:14:     david_vaults_1, serial_shops, shop, basic_altar, uniq_roxanne,
          uniq_louise
D:15:     grunt_enter_depths_giant_problem, minmay_misc_feat_rugged
Temple:   hc_temple_tempest_star
Lair:2:   st_stairs_7, minmay_hedge_maze, nicolae_quartered_pool_super,
          grunt_megastairs_3
Lair:3:   minmay_snake_entry_guardpost_small, grunt_megastairs_2
Lair:4:   minmay_shoals_entry_beasts, nzn_random_ring
Lair:5:   beast_lair_carwin_2
Lair:6:   evil_forest, slime_altar_1, grunt_forest_small_clearings,
          lemuel_fruit_tree
Snake:1:  ebering_ghost_reflecting_pool, grunt_ministairs_2, spider_trap
Snake:2:  portal_ice_cave_entry_pillars_1, serial_bayou, serial_bayou_shore_a,
          serial_bayou_crossing, serial_bayou_pond_d, serial_bayou_lagoon_a,
          serial_shops, nicolae_shop_stone, lemuel_oklob_altar
Snake:3:  uniq_vashnia
Orc:1:    lemuel_ogre_cave, uniq_gastronok, uniq_maurice
Orc:2:    grunt_orc_gardens, grunt_orc_garden, grunt_orc_garden,
          grunt_orc_garden, grunt_orc_garden
Lab:      labyrinth_spiral, lab_statue, lab_hedge, labyrinth_fake_exit,
          nicolae_lab_t_cross, labyrinth_glass_1, labyrinth_skeletal_remains,
          nicolae_lab_big_swirl, nicolae_lab_blocks
Bazaar:   grunt_bazaar_doublecross
Trove:    trove_simple
IceCv:    ice_cave_tombish

Skill      XL: |  1  2  3  4  5  6  7  8  9 10 11 12 13 14 15 16 17 |
---------------+----------------------------------------------------+-----
Axes           | 2 3 4 5 6 8 9 11 12 13 14 15 16 17 | 17.1
Shields        | 4 5 6 7 8 10 11 12 13 14 | 14.8
Armour         | 4 5 6 7 8 9 11 12 13 14 15 | 15.0
Fighting       | 4 5 6 7 8 9 11 12 13 14 15 | 15.0

Action                   |  1- 3 |  4- 6 |  7- 9 | 10-12 | 13-15 | 16-18 || total
-------------------------+-------+-------+-------+-------+-------+-------++-------
Melee: War axe           |   110 |   366 |   485 |   640 |   377 |   339 ||  2317
       Broad axe         |       |       |       |   366 |   772 |   189 ||  1327
       Great sword       |       |       |       |       |    10 |       ||    10
       Executioner's axe |       |       |       |       |       |   145 ||   145
Invok: Heroism           |       |       |       |       |       |     6 ||     6
       Finesse           |       |       |       |       |       |     1 ||     1
Evoke: Wand              |       |       |       |       |     9 |    12 ||    21
  Use: Scroll            |       |     6 |     5 |     6 |    18 |     6 ||    41
       Potion            |       |       |       |     2 |       |     9 ||    11
  Eat: Chunk             |     1 |     7 |     9 |    33 |    27 |     7 ||    84
       Ration            |       |     1 |     1 |       |     1 |     3 ||     6
Armor: Scale mail        |    98 |   149 |     7 |       |   150 |   337 ||   741
       Chain mail        |       |    44 |       |       |       |       ||    44
       Plate armour      |       |       |   395 |   725 |   441 |       ||  1561
Dodge: Dodged            |    47 |    98 |    94 |   199 |   411 |   288 ||  1137
Block: Shield            |    87 |   182 |   265 |   652 |   804 |   349 ||  2339
       Large shield      |       |       |       |    10 |       |       ||    10
       Rpst.: Great sword |       |       |       |       |     2 |       ||     2

Table legend:
 A = Non-vault XP
 B = Vault XP
 C = Vault XP percentage of total XP
 D = Non-vault monster count
 E = Vault monster count
 F = Vault count percentage of total count
                 A         B        C        D         E       F
            +---------+---------+-------+---------+---------+-------
      Total |  148603 |   50906 |  25.5 |     735 |     152 |  17.1
            +---------+---------+-------+---------+---------+-------
        D:1 |      22 |       0 |   0.0 |      11 |       0 |   0.0
        D:2 |      83 |       0 |   0.0 |      23 |       0 |   0.0
        D:3 |      70 |      74 |  51.4 |      25 |      15 |  37.5
        D:4 |     276 |       0 |   0.0 |      16 |       0 |   0.0
        D:5 |     631 |       0 |   0.0 |      18 |       0 |   0.0
        D:6 |    1059 |     808 |  43.3 |      34 |       5 |  12.8
        D:7 |    1025 |     908 |  47.0 |      25 |       2 |   7.4
        D:8 |    1588 |       0 |   0.0 |      30 |       0 |   0.0
        D:9 |    1674 |      11 |   0.7 |      30 |       1 |   3.2
       D:10 |    4175 |    2236 |  34.9 |      37 |       4 |   9.8
       D:11 |    7370 |     824 |  10.1 |      40 |       6 |  13.0
       D:12 |    5585 |       0 |   0.0 |      36 |       0 |   0.0
       D:13 |    5321 |       0 |   0.0 |      19 |       0 |   0.0
       D:14 |    9004 |    3294 |  26.8 |      38 |       5 |  11.6
       D:15 |   13095 |    1762 |  11.9 |      40 |       1 |   2.4
     Lair:1 |    6247 |       0 |   0.0 |      30 |       0 |   0.0
     Lair:2 |    1880 |     601 |  24.2 |      13 |       4 |  23.5
     Lair:3 |    5442 |    1542 |  22.1 |      24 |       7 |  22.6
     Lair:4 |   10568 |    5272 |  33.3 |      31 |      16 |  34.0
     Lair:5 |    9675 |    1622 |  14.4 |      33 |       4 |  10.8
     Lair:6 |    7570 |    8556 |  53.1 |      28 |      26 |  48.1
    Snake:1 |   15100 |    3488 |  18.8 |      30 |       3 |   9.1
    Snake:2 |   23145 |       0 |   0.0 |      46 |       0 |   0.0
    Snake:3 |   11933 |       0 |   0.0 |      18 |       0 |   0.0
      Orc:1 |    1437 |     462 |  24.3 |      18 |       1 |   5.3
      Orc:2 |    4628 |    8868 |  65.7 |      42 |      27 |  39.1
        Lab |       0 |    1223 | 100.0 |       0 |       1 | 100.0
      IceCv |       0 |    9355 | 100.0 |       0 |      24 | 100.0
            +---------+---------+-------+---------+---------+-------
